 Dungeon Crawl Stone Soup version 0.27-a0-1590-g15f69828bf (webtiles) character file.

Game seed: 16722547609312339404

8890 Sin92 the Cleaver (level 11, -3/75 HPs)
             Began as a Demonspawn Fighter on July 18, 2021.
             Was an Elder of Okawaru.
             Slain by a troll (4 damage)
             ... summoned by a boggart
             ... on level 10 of the Dungeon.
             The game lasted 00:20:05 (10905 turns).

Sin92 the Cleaver (Demonspawn Fighter)             Turns: 10905, Time: 00:20:06

Health: -3/75      AC: 32    Str: 18 (20) XL:     11   Next: 15%
Magic:  0/15       EV: 10    Int:  9 (10) God:    Okawaru [****..]
Gold:   709        SH: 21    Dex: 17 (18) Spells: 10/10 levels left

rFire    . . .     SeeInvis .   D - +3 war axe (vorpal)
rCold    . . .     Faith    .   A - +2 tower shield {AC+3}
rNeg     . . .     Spirit   +   t - +4 swamp dragon scales
rPois    +         Reflect  .   (no helmet)
rElec    .         Harm     .   r - +0 cloak
rCorr    .         Rampage  .   (no gloves)
Will     .....                  (boots unavailable)
Stlth    +.........             m - amulet of guardian spirit
HPRegen  0.22/turn              x - +4 ring of protection
MPRegen  0.14/turn              u - +6 ring of dexterity

@: no status effects
A: talons 3, slimy green scales 2, icemail 2, powered by pain 1, condensation
shield, frail 1
a: Renounce Religion, Heroism


You were on level 10 of the Dungeon.
You worshipped Okawaru.
Okawaru was greatly pleased with you.
You visited 2 branches of the dungeon, and saw 11 of its levels.
You also visited: Bailey.

You collected 709 gold pieces.

Inventory:

Hand Weapons
 a - the +5 demon whip "Spellbinder" {antimagic, Will+}
   (You found it in a bailey)

   It reduces the magical energy of the wielder, and disrupts the spells and
   magical abilities of those it strikes.
   Natural abilities and divine invocations are not affected.
   It unleashes wild and unpredictable magical effects upon striking a wizard or
   a creature with magical abilities.
   Will:      It increases your willpower.
 v - a +0 broad axe of draining
 D - a +3 vorpal war axe (weapon)
Missiles
 B - 6 throwing nets (quivered)
Armour
 c - a +0 kite shield
 r - a +0 cloak (worn)
 t - +4 swamp dragon scales (worn)
 A - a +2 tower shield of protection (worn)
Jewellery
 i - a ring of flight
 k - a ring of willpower
 m - an amulet of guardian spirit (around neck)
 u - a +6 ring of dexterity (right hand)
 x - a +4 ring of protection (left hand)
 F - a ring of ice
Wands
 d - a wand of flame (15)
 o - a wand of mindburst (11)
 z - a wand of digging (3)
Scrolls
 b - a scroll of enchant armour
 e - a scroll of fog
 h - 3 scrolls of amnesia
 y - 2 scrolls of teleportation
Potions
 f - 3 potions of curing
 g - 2 potions of brilliance
 j - a potion of mutation {unknown}
 l - 2 potions of attraction {unknown}
 n - a potion of invisibility {unknown}
 p - 2 potions of heal wounds {unknown}
 q - 3 potions of degeneration
 s - a potion of flight {unknown}
 w - 2 potions of might


   Skills:
 + Level 7.5 Fighting
 * Level 9.1 Axes
 + Level 6.9 Armour
 + Level 6.2 Dodging
 + Level 6.9 Shields
 + Level 5.8 Invocations


You had 10 spell levels left.
You didn't know any spells.
Your spell library contained the following spells:

 Spells                   Type           Power      Damage    Failure   Level
 Animate Skeleton         Necr           0%         N/A       100%        1
 Apportation              Tloc           0%         N/A       100%        1
 Pain                     Necr           0%         1d4       100%        1
 Summon Small Mammal      Summ           0%         N/A       100%        1
 Slow                     Hex            0%         N/A       100%        2
 Call Canine Familiar     Summ           0%         N/A       100%        3
 Confusing Touch          Hex            0%         N/A       100%        3
 Portal Projectile        Hex/Tloc       0%         N/A       100%        3
 Summon Guardian Golem    Hex/Summ       0%         N/A       100%        3
 Vampiric Draining        Necr           0%         2d6       100%        3
 Leda's Liquefaction      Hex/Erth       0%         N/A       100%        4
 Alistair's Intoxication  Tmut/Pois      0%         N/A       100%        5
 Summon Forest            Summ/Tloc      0%         N/A       100%        5
 Yara's Violent Unravell  Hex/Tmut       0%         3d3       100%        5
 Eringya's Noxious Bog    Tmut/Pois      0%         N/A       100%        6
 Invisibility             Hex            0%         N/A       100%        6
 Summon Hydra             Summ           0%         N/A       100%        7


Dungeon Overview and Level Annotations

Branches:
Dungeon (10/15)            Temple (1/1) D:4            Lair (0/6) D:10
 Bailey (visited)
    Orc: D:9-12

Altars:
Ashenzari
Cheibriados
Dithmenos
Elyvilon
Fedhas
Gozag
Hepliaklqana
Kikubaaqudgha
Makhleb
Nemelex Xobeh
Okawaru
Qazlal
Ru
Sif Muna
Trog
Uskayaw
Vehumet
Wu Jian
Xom
Yredelemnul
Zin
The Shining One

Shops:
D:1 =   D:8 =


Innate Abilities, Weirdness & Mutations

You have claws for feet.
You are mostly covered in slimy green scales. (AC +3)
A meltable icy envelope protects you from harm. (AC +8)
You sometimes gain a little power by taking damage.
A meltable shield of frost defends you. (SH +4)
You are frail. (-10% HP)


Message History

Deactivating autopickup; reactivate with Ctrl-A.
You block the troll's attack.
The troll claws you but does no damage. x2
The boggart casts a spell.
The boggart flickers and vanishes!
You closely miss something. You hit the troll but do no damage.
Your shield prevents you from hitting something.
Something hits you! Something hits you but does no damage.
You block the troll's attack. The troll claws you.
You block the troll's attack. Something hits you but does no damage.
The troll bites you! The troll claws you but does no damage.
The troll claws you.
* * * LOW HITPOINT WARNING * * *
You slash something! Okawaru accepts your kill.
Reactivating autopickup.
You feel a bit more experienced.
You hit the troll. Something hits you but does no damage.
Deactivating autopickup; reactivate with Ctrl-A.
You block the troll's attack. x2; The troll claws you but does no damage.
Found a cloak and 44 gold pieces.
Something hits you but does no damage.
You block the troll's attack. x3; You block something's attack.
The centaur warrior zombie barely misses you.
The centaur warrior zombie closely misses you.
Your shield prevents you from hitting something.
Your kick misses something. You barely miss the troll.
You completely miss the centaur warrior zombie.
Something hits you but does no damage. You block the troll's attack. x4
The troll claws you but does no damage. The troll claws you.
* * * LOW HITPOINT WARNING * * *
Unknown command.
It was a potion of degeneration.
There was something very wrong with that liquid.
You feel weakened.
You feel dopey.
You feel clumsy.
The two-headed ogre hits you with a +0 giant spiked club!
* * * LOW HITPOINT WARNING * * *
You block the two-headed ogre's attack. You block something's attack.
You block the troll's attack. The troll claws you!
* * * LOW HITPOINT WARNING * * *
The troll claws you.
You die...

#...# *,,,,,,,,,,,,,,,,,*
###...# #..........$*****,*
......# #...........* *,*
......# #...........* *,*
###...# #...........* *,* #...#
#...........* *,* #...#
#...........* *,* #...#
#....OZ.....* *,* #)..#
#..T@.......* *,* #...#
#...........* *,* *,,,*
#...........* *,* *,,,*
#........>.[* *,*
###.,,#######........>..*****,*
....,,.................$,,,,,,*
....,,..................,,,,,,*
....,,########..........*****,*
####,,* #.........,* *,*


You could see a two-headed ogre (summoned), a troll (summoned) and a centaur
warrior zombie (summoned).

Vanquished Creatures
  Fannar (D:10)
  Erica (D:8)
  A two-headed ogre (D:9)
  Maggie (D:6)
  A kobold demonologist (D:10)
  Prince Ribbit (D:8)
  A hornet (D:10)
  A wyvern (D:9)
  6 yaks
  2 steam dragons
  3 wargs (D:10)
  An ice beast (D:5)
  An orc warrior (D:8)
  A black bear (D:4)
  A hornet zombie (D:8)
  A necrophage (D:7)
  3 centaurs
  2 ogres (D:4)
  4 boggarts (D:10)
  3 phantoms (D:5)
  2 kobold brigands
  A bullfrog (D:9)
  8 gnoll sergeants (Bailey)
  3 scorpions
  3 wights (D:8)
  6 howler monkeys
  6 centaur zombies
  A jelly (D:6)
  6 gnoll shamans (Bailey)
  5 hounds
  4 orc priests
  2 centaur skeletons
  4 iguanas (D:5)
  8 orc wizards
  A hound zombie (D:5)
  A hound skeleton (D:5)
  A howler monkey zombie (D:7)
  A howler monkey skeleton (D:6)
  8 adders
  14 gnolls (Bailey)
  A shadow imp (D:5)
  A dart slug (D:2)
  26 orcs
  11 ball pythons
  10 bats
  4 endoplasms
  2 giant cockroaches
  7 goblins
  8 hobgoblins
  13 jackals
  8 quokkas
  2 frilled lizards (D:2)
  16 kobolds
  4 rats
234 creatures vanquished.

Notes
Turn   | Place    | Note
-------+----------+-------------------------------------------
     0 | D:1      | Sin92 the Demonspawn Fighter began the quest for the Orb.
     0 | D:1      | Reached XP level 1. HP: 18/18 MP: 1/1
    25 | D:1      | Found Efuutit's Jewellery Shoppe.
    89 | D:1      | Reached skill level 2 in Axes
   103 | D:1      | Gained mutation: A meltable shield of frost defends you.
                  | (SH +4) [demonic ancestry]
   103 | D:1      | Reached XP level 2. HP: 23/24 MP: 2/2
   391 | D:1      | Gained mutation: You have sharp toenails. [demonic
                  | ancestry]
   391 | D:1      | Reached XP level 3. HP: 29/29 MP: 3/3
  1039 | D:2      | Reached skill level 1 in Dodging
  1519 | D:2      | Reached XP level 4. HP: 35/35 MP: 4/4
  2248 | D:3      | Reached skill level 3 in Axes
  2606 | D:3      | Found a faded altar of an unknown god.
  2652 | D:3      | Gained mutation: You are partially covered in slimy green
                  | scales. (AC +2) [demonic ancestry]
  2652 | D:3      | Reached XP level 5. HP: 41/41 MP: 5/5
  2662 | D:3      | Found a hide-covered altar of Uskayaw.
  3113 | D:4      | Found a staircase to the Ecumenical Temple.
  3129 | Temple   | Entered the Ecumenical Temple
  3466 | D:4      | Noticed a black bear
  3474 | D:4      | Killed a black bear
  3475 | D:4      | Gained mutation: You have razor-sharp toenails. [demonic
                  | ancestry]
  3475 | D:4      | Reached XP level 6. HP: 31/48 MP: 2/6
  4497 | D:5      | Entered Level 5 of the Dungeon
  4507 | D:4      | Reached skill level 4 in Axes
  4733 | D:5      | Gained mutation: You are mostly covered in slimy green
                  | scales. (AC +3) [demonic ancestry]
  4733 | D:5      | Reached XP level 7. HP: 52/54 MP: 5/7
  5380 | D:5      | Reached skill level 5 in Axes
  5380 | D:5      | Gained mutation: A meltable icy envelope protects you from
                  | harm. (AC +8) [demonic ancestry]
  5380 | D:5      | Reached XP level 8. HP: 31/61 MP: 4/8
  5684 | D:5      | Reached skill level 5 in Fighting
  6015 | D:6      | Noticed Maggie
  6033 | D:6      | Killed Maggie
  6090 | D:6      | Reached skill level 6 in Axes
  6362 | D:6      | Reached skill level 5 in Armour
  6362 | D:6      | Reached skill level 5 in Shields
  6856 | D:6      | Found a broken altar of Ashenzari.
  6989 | D:6      | Found a shadowy altar of Dithmenos.
  6990 | D:6      | Found a hazy altar of Hepliaklqana.
  7427 | D:7      | Gained mutation: A meltable icy envelope protects you from
                  | harm. (AC +8) [demonic ancestry]
  7427 | D:7      | Reached XP level 9. HP: 67/68 MP: 9/9
  7746 | D:7      | Identified the +9 shortbow "Jugodub" {flame, Str+4}
  7804 | D:8      | Noticed Prince Ribbit
  7810 | D:8      | Killed Prince Ribbit
  7836 | D:8      | Found an iron altar of Okawaru.
  7851 | D:8      | Became a worshipper of Warmaster Okawaru
  7991 | D:8      | Found Hovodde's Jewellery Boutique.
  8060 | D:8      | Reached skill level 7 in Axes
  8063 | D:8      | Reached skill level 1 in Invocations
  8336 | D:8      | Noticed Erica
  8348 | D:8      | Killed Erica
  8348 | D:8      | Reached * piety under Okawaru
  8349 | D:8      | Reached skill level 5 in Dodging
  8463 | D:9      | Noticed a two-headed ogre
  8472 | D:9      | Killed a two-headed ogre
  8473 | D:9      | Gained mutation: You have claws for feet. [demonic
                  | ancestry]
  8473 | D:9      | Reached XP level 10. HP: 77/77 MP: 9/12
  8489 | D:9      | Found a flagged portal.
  8507 | Bailey   | Entered a bailey
  8624 | Bailey   | Reached skill level 8 in Axes
  9165 | Bailey   | Reached ** piety under Okawaru
  9237 | Bailey   | Found the +5 demon whip "Spellbinder" {antimagic, Will+}
 10223 | D:10     | Entered Level 10 of the Dungeon
 10242 | D:10     | Noticed an orange demon
 10243 | D:10     | Noticed a rust devil
 10250 | D:10     | Gained mutation: You are frail. (-10% HP) [a neqoxec]
 10261 | D:10     | Reached *** piety under Okawaru
 10262 | D:10     | Reached skill level 5 in Invocations
 10321 | D:10     | Found a stormy altar of Qazlal.
 10424 | D:10     | Found a staircase to the Lair.
 10554 | D:10     | Noticed Fannar
 10576 | D:10     | Killed Fannar
 10576 | D:10     | Reached **** piety under Okawaru
 10577 | D:10     | Reached skill level 9 in Axes
 10577 | D:10     | Gained mutation: You sometimes gain a little power by
                  | taking damage. [demonic ancestry]
 10577 | D:10     | Reached XP level 11. HP: 53/75 MP: 9/15
 10896 | D:10     | Noticed a two-headed ogre
 10898 | D:10     | Noticed a two-headed ogre
 10905 | D:10     | HP: 1/75 [troll[a boggart] (6)]
 10905 | D:10     | Slain by a troll

Illustrated notes

Levels and vault maps discovered:
D:1:      eino_arrival_cavern_e, layout_rooms, serial_shops,
          nicolae_shop_statue_plus
D:2:      layout_basic, wad_floor_pattern_1
D:3:      layout_basic, lemuel_doored_altar, shapermc_ecumenical_altar_petra
D:4:      layout_loops_corners, minmay_temple_entry_arrows
D:5:      layout_cave_pools, minmay_crossroads
D:6:      layout_loops_ring, riverfiend_overflow_shadow_ancestor,
          overflow_temple_1_default, serial_rivers,
          chequers_serial_rivers_small_b, chequers_serial_rivers_small_b,
          chequers_serial_rivers_large_a, chequers_serial_rivers_micro_a,
          hangedman_glass_teeth, uniq_maggie
D:7:      layout_rooms
D:8:      layout_basic, kennysheep_mini, serial_shops,
          nicolae_shop_temple_entry_statues_fountains,
          hangedman_abyss_or_decor_passed, uniq_erica, uniq_prince_ribbit1
D:9:      layout_loops_ring, enter_bailey_4
D:10:     layout_long_grid, amcnicky_altar_gilded, erik_lair_orcish_takeover,
          minmay_misc_feat_square, uniq_fannar
Temple:   eino_temple_rhombus

Skill      XL: |  1  2  3  4  5  6  7  8  9 10 |
---------------+-------------------------------+-----
Axes           | 2 3 4 5 6 7 9 |  9.1
Armour         | 3 4 5 6 |  6.9
Dodging        | 1 2 3 4 5 6 |  6.2
Shields        | 3 4 5 6 |  6.9
Fighting       | 4 5 6 7 |  7.5
Invocations    | 3 5 |  5.8

Action                   |  1- 3 |  4- 6 |  7- 9 | 10-12 || total
-------------------------+-------+-------+-------+-------++-------
Melee: War axe           |   141 |   164 |   228 |   236 ||   769
       Kick              |       |     7 |    82 |    93 ||   182
Invok: Heroism           |       |       |     1 |     2 ||     3
  Use: Scroll            |     2 |     6 |     5 |     4 ||    17
       Potion            |       |     1 |     1 |     3 ||     5
Armor: Scale mail        |   101 |    75 |    59 |       ||   235
       Swamp dragon scal |       |       |    61 |   171 ||   232
Dodge: Dodged            |    64 |    47 |    89 |   150 ||   350
Block: Kite shield       |   189 |   153 |   208 |   104 ||   654
       Tower shield      |       |       |       |   276 ||   276

Table legend: (Time is in decaauts)
 A = Elapsed time spent in this place.
 B = Non-inter-level travel time spent in this place.
 C = Inter-level travel time spent in this place.
 D = Time resting spent in this place.
 E = Time spent auto-exploring this place.
 F = Levels seen in this place.
 G = Mean time per level.
                   A        B        C        D        E       F      G
               +--------+--------+--------+--------+--------+-----+--------+
         Total |  11304 |  11122 |    182 |   2015 |   6756 |  12 |  942.0 |
       Dungeon |  10214 |  10050 |    164 |   1778 |   6267 |  10 | 1021.4 |
        Temple |    227 |    209 |     18 |      0 |    208 |   1 |  227.0 |
        Bailey |    862 |    862 |      0 |    237 |    281 |   1 |  862.0 |
               +--------+--------+--------+--------+--------+-----+--------+

Top non-repeatable levels by time:
     D:4: 1539 daAuts
     D:6: 1460 daAuts
     D:5: 1246 daAuts
     D:2: 1063 daAuts
     D:3: 1058 daAuts
     D:1: 1034 daAuts
     D:9: 957 daAuts
  Bailey: 862 daAuts
    D:10: 714 daAuts
     D:8: 698 daAuts
     D:7: 442 daAuts
  Temple: 227 daAuts
